 Dungeon Crawl Stone Soup version 0.21.1-1-g345015f (webtiles) character file.

242 RENEGADE the Skirmisher (level 6, 0/55 HPs)
             Began as a Hill Orc Berserker on June 13, 2018.
             Was a Priest of Trog.
             Killed by nerve-wracking pain
             ... invoked by an orc priest
              (11 damage)
             ... on level 4 of the Dungeon.
             The game lasted 00:22:45 (2673 turns).

RENEGADE the Skirmisher (Hill Orc Berserker)        Turns: 2673, Time: 00:22:49

Health: 0/55       AC: 12    Str: 22    XL:     6   Next: 9%
Magic:  6/6        EV:  8    Int:  5    God:    Trog [***...]
Gold:   75         SH:  0    Dex: 10    Spells: 5/5 levels left

rFire    . . .     SeeInvis .   k - +4 war axe
rCold    . . .     Gourm    .   (no shield)
rNeg     . . .     Faith    .   b - +0 chain mail
rPois    .         Spirit   .   g - +0 helmet
rElec    .         Reflect  .   h - +1 cloak
rCorr    .         Harm     .   (no gloves)
MR       .....                  (no boots)
Stlth    ..........             e - amulet of inaccuracy (curse)
HPRegen  0.18/turn              m - -2 ring of intelligence (curse)
MPRegen  0.10/turn              (no ring)

@: no status effects
A: no striking features
a: Berserk, Trog's Hand, Burn Spellbooks, Renounce Religion, Convert to Beogh


You were on level 4 of the Dungeon.
You worshipped Trog.
Trog was most pleased with you.
You were hungry.

You visited 1 branch of the dungeon, and saw 4 of its levels.

You collected 75 gold pieces.

Inventory:

Hand Weapons
 a - a +0 spear
 k - a +4 war axe (weapon)
Missiles
 j - a throwing net (quivered)
Armour
 b - a +0 chain mail (worn)
 g - a +0 helmet (worn)
 h - a +1 cloak (worn)
 i - a +1 leather armour of cold resistance
 l - a +0 shield
Jewellery
 e - a cursed amulet of inaccuracy (around neck)
 m - a cursed -2 ring of intelligence (left hand)
Wands
 f - a wand of acid (8)
Scrolls
 d - a scroll of identify
 n - a scroll of magic mapping
Potions
 o - a potion of curing
Comestibles
 c - 2 rations


   Skills:
 + Level 4.8 Fighting
 * Level 4.6(5.7) Axes
 - Level 4.1(4.9) Polearms
 + Level 2.7 Armour
 - Level 2.2 Dodging
 - Level 0.5 Stealth
 + Level 0.2 Shields


You had 5 spell levels left.
You didn't know any spells.

Dungeon Overview and Level Annotations

Branches:
Dungeon (4/15)
 Temple: D:4-7

Altars:
Dithmenos
Okawaru
Trog

Annotations:
D:4 Robin


Message History

o - a potion of curing The goblin closely misses you.
The adder bites you but does no damage.
The orc priest hits you with a hand axe.
* * * LOW HITPOINT WARNING * * *
There are monsters nearby!
You miss the adder.
Your chain mail prevents you from hitting the goblin.
You hit the orc priest.
The orc priest shouts, "Surrender to Beogh and we'll let you live!"
The adder barely misses you. The goblin hits you but does no damage.
The adder closely misses you.
The orc priest hits you but does no damage.
The goblin hits you but does no damage.
You hit the adder.
The adder is lightly wounded.
You miss the orc priest. You miss the goblin.
The adder bites you but does no damage.
The orc priest mumbles some strange prayers to Beogh against you.
Pain shoots through your body!
You die...

......[......
..$...!.....#
............
(...........
...........
.......ol.. #
.....ooS#.#.#
#@#.#.#
#g#.#.####
#gg......##
##.#go<......#
#....<........
........g.......
.........?......
###............#
#...........##


You could see Robin, 2 orc priests, an orc wizard, an adder, an orc, a leopard
gecko, a hobgoblin and 3 goblins.

Vanquished Creatures
  The ghost of davidchitty the Skirmisher, an amateur DsFi (D:3)
  2 orc wizards (D:3)
  An adder (D:3)
  A worm (D:3)
  3 dart slugs
  2 leopard geckos
  7 orcs
  9 bats
  5 giant cockroaches
  12 goblins
  7 hobgoblins
  8 jackals
  4 kobolds
  4 ball pythons
  2 frilled lizards
  5 rats
73 creatures vanquished.

Notes
Turn   | Place    | Note
-------+----------+-------------------------------------------
     0 | D:1      | RENEGADE the Hill Orc Berserker began the quest for the Orb.
     0 | D:1      | Reached XP level 1. HP: 19/19 MP: 1/1
   133 | D:1      | Reached XP level 2. HP: 20/27 MP: 2/2
   360 | D:1      | Reached XP level 3. HP: 28/33 MP: 3/3
   615 | D:2      | Found a shadowy altar of Dithmenos.
   627 | D:2      | Found a bloodstained altar of Trog.
   680 | D:2      | Found an iron altar of Okawaru.
   791 | D:2      | Reached ** piety under Trog
  1513 | D:3      | Reached XP level 4. HP: 34/40 MP: 4/4
  1547 | D:3      | Reached skill level 1 in Axes
  1672 | D:3      | Reached XP level 5. HP: 24/47 MP: 5/5
  1677 | D:3      | Noticed davidchitty's ghost (amateur DsFi)
  1687 | D:3      | HP: 2/47 [davidchitty's ghost (10)]
  1688 | D:3      | Killed davidchitty's ghost
  2180 | D:3      | Reached XP level 6. HP: 53/55 MP: 6/6
  2517 | D:4      | Noticed Robin
  2588 | D:3      | Reached *** piety under Trog
  2673 | D:4      | Killed from afar by an orc priest

Skill      XL: |  1  2  3  4  5 |
---------------+----------------+-----
Fighting       | 4 |  4.8
Dodging        | 2 |  2.2
Polearms       | 4 |  4.1
Axes           | 2 4 |  4.6
Armour         | |  2.7
Stealth        | |  0.5
Shields        | |  0.2

Action                   |  1- 3 |  4- 6 || total
-------------------------+-------+-------++-------
Melee: Spear             |   151 |     1 ||   152
       War axe           |       |    99 ||    99
  Use: Scroll            |     2 |     4 ||     6
       Potion            |       |     1 ||     1
 Stab: Sleeping          |     1 |       ||     1
  Eat: Chunk             |     2 |     3 ||     5
Armor: Animal skin       |    31 |       ||    31
       Leather armour    |    20 |    21 ||    41
       Chain mail        |       |    43 ||    43
Dodge: Dodged            |    98 |    64 ||   162
Block: Shield            |       |    20 ||    20
